 Seeded DCSS version 0.29-a0-88-g03a7b78be7 (webtiles) character file.

Game seed: 10215919384247813052 (custom seed)

65 Hubjo the Vexing (level 3, -1/26 HPs)
             Began as a Vampire Enchanter on Feb 5, 2022.
             Slain by an iguana (6 damage)
             ... on level 4 of the Dungeon.
             The game lasted 00:02:16 (511 turns).

Hubjo the Vexing (Vampire Enchanter)                 Turns: 511, Time: 00:02:17

Health: -1/26      AC:  6    Str:  7    XL:     3   Next: 94%
Magic:  6/6        EV: 12    Int: 17    God:
Gold:   47         SH:  0    Dex: 16    Spells: 6/6 levels left

rFire   . . .      SeeInvis +   a - +1 dagger
rCold   . . .      Faith    .   (no shield)
rNeg    . . .      Spirit   .   b - +0 robe
rPois   .          Reflect  .   (no helmet)
rElec   .          Harm     .   (no cloak)
rCorr   .          Rampage  .   (no gloves)
Will    .....                   (no boots)
Stlth   +++.......              (no amulet)
HPRegen 0.28/turn               e - +4 ring of protection
MPRegen 0.10/turn               (no ring)

@: healing quickly
A: alive, fangs 3, see invisible, vampiric 2
a: Exsanguinate


You were on level 4 of the Dungeon.
You visited 1 branch of the dungeon, and saw 4 of its levels.

You collected 47 gold pieces.

Inventory:

Hand Weapons
 a - a +1 dagger (weapon)
 g - a +0 whip of electrocution
Armour
 b - a +0 robe (worn)
Magical Staves
 d - a staff of death
Jewellery
 e - a +4 ring of protection (left hand)
Scrolls
 i - 2 scrolls of identify
Potions
 c - a potion of invisibility
 f - a potion of lignification {unknown}
 h - 2 potions of curing


   Skills:
 * Level 1.5 Fighting
 + Level 1.8 Short Blades
 - Level 2.1 Dodging
 + Level 5.0 Stealth
 + Level 2.3 Spellcasting
 * Level 5.3 Hexes


You had 6 spell levels left.
You didn't know any spells.
Your spell library contained the following spells:

 Spells                   Type           Power      Damage    Failure   Level
 Confusing Touch          Hex            20%        N/A       6%          3
 Tukima's Dance           Hex            20%        N/A       6%          3
 Ensorcelled Hibernation  Hex/Ice        22%        N/A       10%         2
 Dazzling Flash           Conj/Hex       22%        N/A       19%         3
 Passwall                 Tmut/Erth      0%         N/A       28%         2
 Swiftness                Air            1%         N/A       50%         3


Dungeon Overview and Level Annotations

Branches:
Dungeon (4/15)
 Temple: D:4-7

Altars:


Innate Abilities, Weirdness & Mutations

Your natural rate of healing is accelerated.
You have razor-sharp teeth.
You have supernaturally acute eyesight. (SInv)
You are afflicted with vampirism and can become a bat while bloodless.


Message History

You hit the adder.
The adder is heavily wounded.
The adder bites you. The iguana misses you.
You hit the adder but do no damage.
The adder is heavily wounded.
The adder completely misses you. The iguana barely misses you.
You hit the adder but do no damage.
The adder is heavily wounded.
The adder closely misses you. The iguana bites you!
You hit the adder.
The adder is severely wounded.
The adder closely misses you. The adder barely misses you.
The iguana barely misses you.
You hit the adder. Your bite misses the adder.
The adder is severely wounded.
The adder barely misses you. The iguana barely misses you.
You hit the adder.
The adder is severely wounded.
The adder closely misses you.
You closely miss the adder.
The adder is severely wounded.
The iguana bites you. The adder barely misses you.
You barely miss the adder.
The adder is severely wounded.
The adder misses you. The iguana bites you.
You hit the adder. Your punch misses the adder.
The adder is almost dead.
The adder bites you.
* * * LOW HITPOINT WARNING * * *
The iguana bites you but does no damage.
The adder bites you but does no damage.
You barely miss the adder. You bite the adder.
You kill the adder!
The iguana misses you.
Your Stealth skill increases to level 5!
As you read the scroll labelled YKHOPNIHUO, it crumbles to dust.
It is a scroll of identify.
h - 2 potions of curing The iguana bites you.
You die...

... .. ...
..####..
.......$
........####
.......#...##
..........<.#
......l#....#
. #@....#
##....#
#....# .....#
.......#
........#
..........
#...)...>.


You could see an iguana.

Vanquished Creatures
  2 adders
  2 gnolls (D:3)
  2 worms (D:3)
  2 orcs
  3 endoplasms
  A giant cockroach (D:3)
  A hobgoblin (D:3)
  A quokka (D:1)
  2 ball pythons (D:3)
  A frilled lizard (D:1)
  A goblin (D:3)
  2 kobolds
  2 rats
22 creatures vanquished.

Notes
Turn   | Place    | Note
-------+----------+-------------------------------------------
     0 | D:1      | Hubjo the Vampire Enchanter began the quest for the Orb.
     0 | D:1      | Reached XP level 1. HP: 13/13 MP: 3/3
   166 | D:3      | Reached XP level 2. HP: 20/20 MP: 5/5
   199 | D:3      | Reached skill level 1 in Fighting
   210 | D:3      | Reached skill level 5 in Hexes
   272 | D:3      | Gained mutation: You are afflicted with vampirism and can
                  | become a bat while bloodless. [Vampire growth]
   272 | D:3      | Reached XP level 3. HP: 26/26 MP: 6/6
   511 | D:4      | Reached skill level 5 in Stealth
   511 | D:4      | Slain by an iguana

Illustrated notes

Levels and vault maps discovered:
D:1:      lemuel_arrival_behind_the_door_large, layout_loops_ring,
          nicolae_ecumenical_lake_church, minmay_hedge_maze, serial_bayou_ford_a
D:2:      layout_basic, chequers_arboretum
D:3:      layout_basic
D:4:      layout_cave_pools, serial_shops, shop, minmay_ruined_shrine,
          uniq_blork_the_orc

Skill      XL: |  1  2  3 |
---------------+----------+-----
Fighting       | 1 |  1.5
Hexes          | 5 |  5.3
Stealth        | 5 |  5.0
Short Blades   | |  1.8
Dodging        | |  2.1
Spellcasting   | |  2.3

Action                   || total
-------------------------++-------
Melee: Dagger            ||    81
       Bite              ||     7
  Use: Scroll            ||     1
 Stab: Sleeping          ||    10
Armor: Robe              ||    17
Dodge: Dodged            ||    50

Table legend: (Time is in decaauts)
 A = Elapsed time spent in this place.
 B = Non-inter-level travel time spent in this place.
 C = Inter-level travel time spent in this place.
 D = Time resting spent in this place.
 E = Time spent auto-exploring this place.
 F = Levels seen in this place.
 G = Mean time per level.
                   A        B        C        D        E       F      G
               +--------+--------+--------+--------+--------+-----+--------+
         Total |    504 |    426 |     78 |     66 |    164 |   4 |  126.0 |
       Dungeon |    504 |    426 |     78 |     66 |    164 |   4 |  126.0 |
               +--------+--------+--------+--------+--------+-----+--------+

Top non-repeatable levels by time:
     D:3: 370 daAuts
     D:1: 72 daAuts
     D:2: 41 daAuts
     D:4: 19 daAuts
